 Dungeon Sprint DCSS version 0.21.2 (webtiles) character file.

78 Fang the Sneak (level 4, 0/36 HPs)
             Began as a Demonspawn Assassin on Dec 19, 2018.
             Was a Believer of Trog.
             Succumbed to a scorpion's poison
             ... in the Dungeon (Sprint VII: "The Pits").
             The game lasted 00:00:52 (246 turns).

Fang the Sneak (Demonspawn Assassin)                 Turns: 246, Time: 00:00:53

Health: 0/36       AC:  3    Str: 13    XL:     4   Next: 15%
Magic:  4/4        EV: 12    Int: 12    God:    Trog [**....]
Gold:   0          SH:  0    Dex: 14    Spells: 3/3 levels left

rFire    . . .     SeeInvis .   a - +2 dagger
rCold    . . .     Gourm    .   (no shield)
rNeg     . . .     Faith    .   c - +0 robe
rPois    .         Spirit   .   (helmet restricted)
rElec    .         Reflect  .   d - +0 cloak
rCorr    .         Harm     .   (no gloves)
MR       .....     NoTele   +   (no boots)
Stlth    +++.......             (no amulet)
HPRegen  0.12/turn              (no ring)
MPRegen  0.09/turn              (no ring)

@: lethally poisoned (0 -> -2), berserk cooldown, slowed, very slow
A: hooves 1, horns 1, spiny 1
a: Berserk, Trog's Hand, Burn Spellbooks, Renounce Religion


You were in the Dungeon.
You worshipped Trog.
Trog was pleased with you.
You were not hungry.

You visited 1 branch

Inventory:

Hand Weapons
 a - a +2 dagger (weapon)
 b - a +0 blowgun
Missiles
 e - 8 poisoned needles
 f - 2 curare-tipped needles
Armour
 c - a +0 robe (worn)
 d - a +0 cloak (worn)
Scrolls
 m - a scroll of blinking
 o - 3 scrolls of remove curse
 p - a scroll of summoning
Potions
 j - a potion of haste
 k - 4 potions of magic
 l - a potion of berserk rage
 n - 2 potions of invisibility
Comestibles
 g - 9 rations
 q - 3 chunks of flesh


   Skills:
 + Level 3.6 Fighting
 + Level 3.0 Short Blades
 + Level 2.6 Throwing
 + Level 1.9 Dodging
 + Level 7.3 Stealth


You had 3 spell levels left.
You didn't know any spells.

Dungeon Overview and Level Annotations

Branches:
Dungeon (1/1)

Altars:
Cheibriados
Dithmenos
Elyvilon
Fedhas
Gozag
Hepliaklqana
Makhleb
Nemelex Xobeh
Okawaru
Qazlal
Ru
Sif Muna
Trog
Vehumet
Wu Jian
Xom
Yredelemnul
Zin
The Shining One
Beogh
Jiyva
Lugonu


Innate Abilities, Weirdness & Mutations

You have large cloven feet.
You have a pair of small horns on your head.
You are partially covered in sharp spines.


Message History

There is a lethal amount of poison in your body!
There is a lethal amount of poison in your body!
There is a lethal amount of poison in your body!
* * * LOW HITPOINT WARNING * * *
You feel sick.
Things that are here:
a club; a bat corpse
* * * LOW HITPOINT WARNING * * *
You feel sick.
Wield which item (- for none, * to show all)? (? for menu, Esc to quit)
Okay, then.
Your magic is already full.
There is a lethal amount of poison in your body!
Unknown command.
There is a lethal amount of poison in your body!
There is a lethal amount of poison in your body!
There is a lethal amount of poison in your body!
Things that are here:
a club; a bat corpse You die...

##########.##........
#...........'........
#+#####'#####......#.
#..#.††'.##........
#..#...#.#####'####
#..#####.##.......#
#..'...#.##.......#
#.)'.).'.##.......#
#.@########...<...#
#.÷+ #.......# #..#
#.......# ####
#.......# #########


There were no monsters in sight!

Vanquished Creatures
  A scorpion (D)
  A gnoll (D)
  A river rat (D)
  An ooze (D)
  A goblin (D)
  A quokka (D)
  A ball python (D)
  2 bats (D)
9 creatures vanquished.

Notes
Turn   | Place    | Note
-------+----------+-------------------------------------------
     0 | D        | Fang the Demonspawn Assassin began the quest for the Orb.
     0 | D        | Reached XP level 1. HP: 16/16 MP: 1/1
    16 | D        | Reached skill level 4 in Stealth
    20 | D        | Found a bloodstained altar of Trog.
    20 | D        | Found a deep blue altar of Sif Muna.
    20 | D        | Found a viscous altar of Jiyva.
    20 | D        | Found a hazy altar of Hepliaklqana.
    20 | D        | Found an opulent altar of Gozag.
    21 | D        | Found a glowing golden altar of the Shining One.
    21 | D        | Found a glowing silver altar of Zin.
    21 | D        | Found a basalt altar of Yredelemnul.
    21 | D        | Found a shimmering altar of Xom.
    21 | D        | Found an ornate altar of the Wu Jian Council.
    21 | D        | Found a sacrificial altar of Ru.
    21 | D        | Found a stormy altar of Qazlal.
    21 | D        | Found an iron altar of Okawaru.
    21 | D        | Found a sparkling altar of Nemelex Xobeh.
    21 | D        | Found a burning altar of Makhleb.
    21 | D        | Found a blossoming altar of Fedhas.
    21 | D        | Found a white marble altar of Elyvilon.
    21 | D        | Found a shadowy altar of Dithmenos.
    21 | D        | Found a snail-covered altar of Cheibriados.
    24 | D        | Found a corrupted altar of Lugonu.
    24 | D        | Found a radiant altar of Vehumet.
    24 | D        | Found a roughly hewn altar of Beogh.
    25 | D        | Became a worshipper of Trog the Wrathful
    62 | D        | Reached skill level 1 in Dodging
    62 | D        | Reached skill level 5 in Stealth
    62 | D        | Gained mutation: You have large cloven feet. [demonic ancestry]
    62 | D        | Reached XP level 2. HP: 23/23 MP: 2/2
   179 | D        | Reached * piety under Trog
   209 | D        | Noticed a scorpion
   227 | D        | HP: 1/24 [goblin/club (5)]
   233 | D        | Killed a scorpion
   233 | D        | Reached ** piety under Trog
   233 | D        | Reached skill level 7 in Stealth
   233 | D        | Gained mutation: You have a pair of small horns on your head. [demonic ancestry]
   233 | D        | Reached XP level 3. HP: 4/29 MP: 3/3
   233 | D        | Gained mutation: You are partially covered in sharp spines. [demonic ancestry]
   233 | D        | Reached XP level 4. HP: 6/36 MP: 4/4
   244 | D        | HP: 1/36 [poisoned by a scorpion]
   246 | D        | Succumbed to a scorpion's poison

Skill      XL: |  1  2 |
---------------+-------+-----
Stealth        | 5 7 |  7.3
Short Blades   | 2 3 |  3.0
Throwing       | 2 |  2.6
Dodging        | 1 |  1.9
Fighting       | 3 |  3.6

Action                   |  1- 3 |  4- 6 || total
-------------------------+-------+-------++-------
Melee: Dagger            |    30 |     3 ||    33
       Kick              |     5 |       ||     5
  Use: Potion            |     4 |       ||     4
 Stab: Sleeping          |     1 |       ||     1
Armor: Robe              |    16 |     3 ||    19
Dodge: Dodged            |    52 |       ||    52
